 Dungeon Crawl Stone Soup version 0.29.1-15-g9cfb28693d (webtiles) character file.

Game seed: 2403837224279315645

308 monsoonserge the Sneak (level 6, 0/43 HPs)
             Began as a Formicid Enchanter on Apr 30, 2023.
             Slain by a gnoll
             ... wielding a +2 spear of chaos
              (5 damage)
             ... on level 3 of the Dungeon on May 1, 2023.
             The game lasted 00:13:19 (3259 turns).

monsoonserge the Sneak (Formicid Enchanter)         Turns: 3259, Time: 00:13:20

Health: 0/43       AC:  7    Str: 16 (18) XL:     6   Next: 68%
Magic:  7/10       EV: 17    Int: 14 (17) God:
Gold:   203        SH:  0    Dex: 13 (14) Spells: 5/10 levels left

rFire   . . .      SeeInvis +   p - +2 dagger (freeze)
rCold   . . .      Faith    .   (no shield)
rNeg    . . .      Spirit   .   g - +0 leather armour
rPois   .          Reflect  .   (helmet unavailable)
rElec   .          Harm     .   (no cloak)
rCorr   .          Rampage  .   (no gloves)
Will    .....                   (no boots)
Stlth   +++.......              (no amulet)
HPRegen 0.14/turn               l - +4 ring of protection
MPRegen 0.12/turn               s - +6 ring of strength

@: agile
A: permanent stasis, dig shafts and tunnels, antennae 3, four strong arms
a: Dig, Shaft Self


You were on level 3 of the Dungeon.
You visited 1 branch of the dungeon, and saw 3 of its levels.

You collected 203 gold pieces.

Inventory:

Hand Weapons
 p - a +2 dagger of freezing (weapon)
 t - a +1 dagger of venom
Missiles
 d - 6 poisoned darts
 f - 3 boomerangs (quivered)
 r - 5 stones
 v - a throwing net
Armour
 b - a +0 robe
 g - a +0 leather armour (worn)
Jewellery
 l - a +4 ring of protection (left hand)
 s - a +6 ring of strength (right hand)
Scrolls
 a - 2 scrolls of identify {unknown}
 h - 2 scrolls of fear {unknown}
 j - 2 scrolls of noise {unknown}
 k - a scroll of torment {unknown}
 m - a scroll of blinking {unknown}
 n - a scroll of amnesia {unknown}
Potions
 c - 2 potions of invisibility
 e - a potion of brilliance {unknown}
 o - a potion of mutation {unknown}
 q - a potion of degeneration
 u - a potion of curing {unknown}


   Skills:
 + Level 1.0 Fighting
 + Level 2.1 Short Blades
 * Level 2.5 Armour
 + Level 2.2 Dodging
 + Level 5.5 Stealth
 + Level 2.9 Spellcasting
 + Level 4.2 Hexes
 - Level 2.0 Ice Magic


You had 5 spell levels left.
You knew the following spells:

 Your Spells              Type           Power      Damage    Failure   Level
a - Ensorcelled Hibernat  Hex/Ice        20%        N/A       11%         2
b - Confusing Touch       Hex            14%        N/A       13%         3

Your spell library contained the following spells:

 Spells                   Type           Power      Damage    Failure   Level
 Tukima's Dance           Hex            14%        N/A       13%         3
 Dazzling Flash           Conj/Hex       16%        N/A       32%         3


Dungeon Overview and Level Annotations

Branches:
Dungeon (3/15)

Altars:

Annotations:
D:3 1 transporter, Scratchers's ghost, amateur OgGl


Innate Abilities, Weirdness & Mutations

You cannot be hasted, slowed, berserked, paralysed or teleported.
You can dig through walls and to a lower floor.
You have a pair of large antennae on your head. (SInv)
Your four strong arms can wield two-handed weapons with a shield.


Message History

You closely miss the gnoll.
The gnoll hits you from afar with a +2 spear of chaos.
* * * LOW HITPOINT WARNING * * *
The gnoll hits you with a +0 club.
* * * LOW HITPOINT WARNING * * *
Unknown command.
You barely miss the gnoll.
The gnoll hits you but does no damage. x2
You hit the gnoll. You freeze the gnoll.
The gnoll is moderately wounded.
The gnoll hits you but does no damage. The gnoll hits you with a +0 club.
* * * LOW HITPOINT WARNING * * *
You hit the gnoll. You freeze the gnoll.
The gnoll is heavily wounded.
The gnoll hits you from afar with a +2 spear of chaos.
* * * LOW HITPOINT WARNING * * *
You feel agile all of a sudden. The gnoll hits you with a +0 club.
* * * LOW HITPOINT WARNING * * *
You hit the gnoll. You freeze the gnoll. You punch the gnoll.
The gnoll is almost dead.
Scratchers's ghost closely misses the gnoll.
The gnoll hits you from afar with a +2 spear of chaos.
* * * LOW HITPOINT WARNING * * *
The gnoll hits you but does no damage.
Unknown command.
You barely miss the gnoll.
The gnoll is almost dead.
You hit the gnoll. You freeze the gnoll.
You kill the gnoll!
The gnoll hits you but does no damage.
You feel more agile all of a sudden.
Throw: 3 boomerangs
Press: ? - help, Q - select action, (/) - cycle Shift-Dir - straight line, f - gnoll, p - Scratchers's ghost
Aim: a gnoll, wielding a +2 spear of chaos (60% to hit)
You throw a boomerang. The boomerang hits the gnoll.
The gnoll is moderately wounded.
You feel less wooden.
Your +0 leather armour unmelds from your body.
The gnoll hits you from afar with a +2 spear of chaos.
You die...

#....≈≈.##.#...#.##.≈≈..#
#....≈≈.#..#[:g#..#.≈≈..#
#....≈≈.##.#####.##.≈≈..#
#........#.#8⌠8#.#..≈≈..#
##.#....©#.'.©.'.#©.~~..#
#.#.....#.#P..#.#..≈≈..#
#.#.≈≈.##.##)##.##.≈≈..#
#.#.≈≈.#©)#g..#.$#.≈≈..#
#...≈≈.##@W...'.##.≈≈..#
##..≈≈..#)#...#.#..≈≈..#
#..≈≈###.##'##.###≈≈..#
##.≈≈#...........#≈≈..#
#.≈≈#8.###.###.8#≈≈..#
#.≈≈#..#8###8#..#≈≈..#
#.≈≈####.....####≈≈..#
#.≈≈≈≈≈≈≈≈~≈≈≈≈≈≈≈≈..#
#.≈≈≈≈≈≈≈≈~≈≈≈≈≈≈≈≈.##


You could see Scratchers's ghost (confused) and a gnoll.

Vanquished Creatures
  An ogre (D:3)
  An orc priest (D:3)
  A gnoll bouda (D:3)
  Jessica (D:2)
  4 gnolls (D:3)
  3 adders
  A worm (D:3)
  A dart slug (D:1)
  4 orcs
  8 bats
  7 endoplasms
  4 giant cockroaches
  6 goblins
  A jackal (D:3)
  5 quokkas
  9 ball pythons
  5 frilled lizards
  5 kobolds
  8 rats
  A spectral kobold (D:1)
76 creatures vanquished.

Vanquished Creatures (others)
  5 plants (D:3)
5 creatures vanquished.

Grand Total: 81 creatures vanquished

Notes
Turn   | Place    | Note
-------+----------+-------------------------------------------
     0 | D:1      | monsoonserge the Formicid Enchanter began the quest for the
                  | Orb.
     0 | D:1      | Reached XP level 1. HP: 13/13 MP: 3/3
   117 | D:1      | Reached XP level 2. HP: 14/19 MP: 5/5
   237 | D:1      | Found a faded altar of an unknown god.
   274 | D:1      | Reached skill level 4 in Stealth
   295 | D:1      | Learned a level 2 spell: Ensorcelled Hibernation
  1152 | D:1      | Reached XP level 3. HP: 19/24 MP: 6/6
  1446 | D:2      | Reached skill level 1 in Armour
  1707 | D:2      | Noticed Jessica
  1711 | D:2      | Killed Jessica
  1712 | D:2      | Reached skill level 1 in Ice Magic
  1712 | D:2      | Reached XP level 4. HP: 31/31 MP: 7/7
  1959 | D:2      | Learned a level 3 spell: Confusing Touch
  2144 | D:3      | Noticed an ogre
  2270 | D:3      | Reached skill level 1 in Fighting
  2316 | D:3      | Killed an ogre
  2317 | D:3      | Reached skill level 5 in Stealth
  2317 | D:3      | Reached XP level 5. HP: 21/37 MP: 4/8
  2472 | D:3      | Reached XP level 6. HP: 22/43 MP: 2/10
  2781 | D:3      | Found a transporter.
  2786 | D:3      | Found a transporter.
  2896 | D:3      | Noticed Scratchers's ghost (amateur OgGl)
  3259 | D:3      | Slain by a gnoll

Illustrated notes

Levels and vault maps discovered:
D:1:      onia_arrival_handbag, layout_loops_ring,
          dreamdust_ecumenical_altar_drowned_temple, kennysheep_doodads
D:2:      layout_loops_cross, uniq_jessica
D:3:      layout_rooms, gammafunk_ghost_gnarly_gnolls, st_stairs_5

Skill      XL: |  1  2  3  4  5  6 |
---------------+-------------------+-----
Stealth        | 4 5 |  5.5
Armour         | 1 2 |  2.5
Dodging        | 2 |  2.2
Ice Magic      | 1 2 |  2.0
Fighting       | 1 |  1.0
Hexes          | 4 |  4.2
Short Blades   | 2 |  2.1
Spellcasting   | |  2.9

Action                   |  1- 3 |  4- 6 || total
-------------------------+-------+-------++-------
Melee: Dagger            |   102 |   107 ||   209
       Punch             |       |     1 ||     1
Throw: Boomerang         |       |     9 ||     9
 Cast: Ensorcelled Hiber |     4 |    21 ||    25
       Confusing Touch   |       |     2 ||     2
  Use: Potion            |       |     3 ||     3
 Stab: Sleeping          |    13 |    22 ||    35
       Distracted        |       |     1 ||     1
Armor: Robe              |    10 |       ||    10
       Leather armour    |    11 |    25 ||    36
       Skin              |       |    56 ||    56
Dodge: Dodged            |    58 |    51 ||   109
